 Dungeon Crawl Stone Soup version 0.31-a0-1370-gf52a5a9ab3 (webtiles) character file.

Game seed: 3107445797329126508

428 Loonster the Cutter (level 6, -6/37 HPs)
             Began as a Tengu Fighter on Dec 24, 2023.
             Mangled by an ice beast (11 damage)
             ... on level 5 of the Dungeon.
             The game lasted 00:06:13 (3367 turns).

Loonster the Cutter (Tengu Fighter)                 Turns: 3367, Time: 00:06:14

Health: -6/37      AC:  5    Str: 15 (16) XL:     6   Next: 98%
Magic:  7/7        EV: 12    Int:  8 (9)  God:
Gold:   218        SH:  5    Dex: 14 (15) Spells: 5/5 levels left

rFire   . . .        a - +0 rapier
rCold   . . .        c - +0 buckler
rNeg    + . .        h - +0 ring mail {rN+}
rPois   .            (helmet restricted)
rElec   .            (no cloak)
rCorr   .            (no gloves)
SInv    .            (boots unavailable)
Will    .....        (no amulet)
Stlth   +            (no ring)
HPRegen 0.26/turn    (no ring)
MPRegen 0.10/turn

%: acrobat
@: no status effects
A: beak, talons 3, acrobatic
a: no special abilities


You were on level 5 of the Dungeon.
You visited 1 branch of the dungeon, and saw 5 of its levels.

You collected 218 gold pieces.

Inventory:

Hand Weapons
 a - a +0 rapier (weapon)
Armour
 b - a +0 scale mail
 c - a +0 buckler (worn)
 h - a +0 ring mail of positive energy (worn)
Jewellery
 f - an amulet of faith
Talismans
 m - a serpent talisman
Scrolls
 e - 2 scrolls of enchant weapon {unknown}
 g - 2 scrolls of revelation {unknown}
 i - 4 scrolls of identify {unknown}
 l - 2 scrolls of fog {unknown}
 n - a scroll of brand weapon {unknown}
 p - a scroll of immolation {unknown}


   Skills:
 - Level 3.0 Fighting
 + Level 5.4 Short Blades
 - Level 3.3 Armour
 - Level 5.4 Dodging
 - Level 3.0 Shields


You had 5 spell levels left.
You didn't know any spells.
Your spell library contained the following spells:

 Spells                   Type           Power      Damage    Failure   Level
 Dazzling Flash           Conj/Hex       0%         N/A       97%         3
 Mephitic Cloud           Conj/Alch/Air  0%         N/A       97%         3
 Agony                    Necr           0%         N/A       100%        5
 Silence                  Hex/Air        0%         N/A       100%        5


Dungeon Overview and Level Annotations

Branches:
Dungeon (5/15)
 Temple: D:4-7

Altars:
Ashenzari
Cheibriados
Kikubaaqudgha

Annotations:
D:3 3 runed translucent doors, Momosog's ghost, amateur GrGl
D:5 1 runed translucent door, grandjackal's ghost, novice DECj


Innate Abilities, Weirdness & Mutations

You have a beak for a mouth.
You have claws for feet.
You can magically evade attacks while moving or waiting.


Message History

The ice beast is moderately wounded.
The ice beast hits you but does no damage.
You barely miss the ice beast.
You claw the ice beast, but do no damage.
The ice beast is moderately wounded.
The ice beast hits you but does no damage.
You hit the ice beast but do no damage. Your kick misses the ice beast.
The ice beast is moderately wounded.
The ice beast closely misses you.
You closely miss the ice beast. Your peck misses the ice beast.
The ice beast is moderately wounded.
The ice beast hits you. The ice beast freezes you!
You hit the ice beast.
The ice beast is moderately wounded.
The ice beast hits you. The ice beast freezes you!
You closely miss the ice beast.
The ice beast is moderately wounded.
The ice beast hits you but does no damage.
You hit the ice beast. You claw the ice beast.
You peck the ice beast, but do no damage.
The ice beast is heavily wounded.
The ice beast hits you. The ice beast freezes you!
* * * LOW HITPOINT WARNING * * *
You hit the ice beast but do no damage. Your kick misses the ice beast.
Your peck misses the ice beast.
The ice beast is heavily wounded.
You block the ice beast's attack.
You barely miss the ice beast. You claw the ice beast.
Your peck misses the ice beast.
The ice beast is severely wounded.
You hit the ice beast. You claw the ice beast.
You peck the ice beast, but do no damage.
The ice beast is almost dead.
The ice beast barely misses you.
You barely miss the ice beast. Your kick misses the ice beast.
The ice beast is almost dead.
The ice beast hits you.
* * * LOW HITPOINT WARNING * * *
The ice beast freezes you!
You die...

.# ##.## .....
.# ##.## ...# .#
##.## ##...# .#
##.###..... .#
##....# . ##
#....# ##.. #
##)..## ..... #
#.....###......
##.###.@Y......#
#..# ########.##
#.## #.# ###


You could see an ice beast.

Vanquished Creatures
  A phantom (D:4)
  A scorpion (D:5)
  2 vampire bats (D:4)
  An orc wizard (D:5)
  5 adders
  3 gnolls (D:5)
  2 worms
  2 dart slugs
  17 orcs
  3 bat skeletons (D:4)
  2 bat zombies (D:4)
  4 endoplasms
  3 giant cockroaches
  7 goblins
  7 hobgoblins
  3 jackals (D:3)
  2 quokkas
  2 ball pythons (D:2)
  9 bats
  2 frilled lizards
  2 kobolds
  8 rats
88 creatures vanquished.

Notes
Turn   | Place    | Note
-------+----------+-------------------------------------------
     0 | D:1      | Loonster the Tengu Fighter began the quest for the Orb.
     0 | D:1      | Reached XP level 1. HP: 14/14 MP: 2/2
    86 | D:1      | Reached XP level 2. HP: 12/19 MP: 3/3
   553 | D:1      | Reached XP level 3. HP: 23/23 MP: 4/4
   990 | D:2      | Reached XP level 4. HP: 28/28 MP: 5/5
  1567 | D:3      | Reached skill level 5 in Short Blades
  1581 | D:3      | Found a faded altar of an unknown god.
  1604 | D:3      | Found a snail-covered altar of Cheibriados.
  1635 | D:3      | Found a runed translucent gate.
  1636 | D:3      | Found a runed translucent gate.
  1637 | D:3      | Found a runed translucent gate.
  1639 | D:3      | Noticed Momosog's ghost (amateur GrGl)
  1658 | D:3      | Identified the +5 sling of Descent {heavy, ^Contam rN+
                  | Str+3 SInv}
  1658 | D:3      | Identified the +4 chain mail "Veubb" {Will+ rCorr Dex+5}
  1769 | D:3      | Reached XP level 5. HP: 5/32 MP: 6/6
  2021 | D:3      | Reached skill level 1 in Dodging
  2287 | D:4      | Noticed a phantom
  2506 | D:4      | Found an ancient bone altar of Kikubaaqudgha.
  2512 | D:4      | Killed a phantom
  2514 | D:4      | HP: 1/32 [bat zombie (1)]
  2517 | D:4      | Reached XP level 6. HP: 1/37 MP: 7/7
  2702 | D:5      | Entered Level 5 of the Dungeon
  2726 | D:5      | Found a broken altar of Ashenzari.
  2791 | D:5      | Reached skill level 5 in Dodging
  3081 | D:5      | Noticed grandjackal's ghost (novice DECj)
  3082 | D:5      | Found a runed translucent door.
  3341 | D:5      | Noticed an ice beast
  3367 | D:5      | Mangled by an ice beast

Illustrated notes

Levels and vault maps discovered:
D:1:      dpeg_arrival_line_fractal, layout_loops_ring
D:2:      cheibrodos_old_hovel, layout_loops_corners
D:3:      layout_basic, cheibriados_altar_1, biasface_ghost_orc_armoury,
          ebering_ecumenical_altar_box
D:4:      layout_layer_cave, kennysheep_vampire_church, lemuel_doored_altar,
          uniq_grinder
D:5:      layout_layer_cave, ashenzari_altar_1, hellmonk_ghost_happy_afterlife,
          hex_medium, kennysheep_generic_room_6, uniq_pikel

Skill      XL: |  1  2  3  4  5  6 |
---------------+-------------------+-----
Short Blades   | 3 4 5 |  5.4
Dodging        | 3 5 |  5.4
Fighting       | |  3.0
Armour         | |  3.3
Shields        | |  3.0

Action                     |  1- 3 |  4- 6 || total
---------------------------+-------+-------++-------
  Melee: Rapier            |    93 |   191 ||   284
         Kick              |    17 |    56 ||    73
         Peck              |    13 |    28 ||    41
    Use: Potion            |       |     4 ||     4
 Armour: Scale mail        |    44 |    58 ||   102
         Ring mail         |       |    68 ||    68
  Dodge: Dodged            |    50 |   101 ||   151
  Block: Buckler           |    22 |    50 ||    72

Table legend: (Time is in decaauts)
 A = Elapsed time spent in this place.
 B = Non-inter-level travel time spent in this place.
 C = Inter-level travel time spent in this place.
 D = Time resting spent in this place.
 E = Time spent auto-exploring this place.
 F = Levels seen in this place.
 G = Mean time per level.
                   A        B        C        D        E       F      G
               +--------+--------+--------+--------+--------+-----+--------+
         Total |   3349 |   3265 |     84 |    329 |   2235 |   5 |  669.8 |
       Dungeon |   3349 |   3265 |     84 |    329 |   2235 |   5 |  669.8 |
               +--------+--------+--------+--------+--------+-----+--------+

Top non-repeatable levels by time:
     D:2: 908 daAuts
     D:3: 757 daAuts
     D:5: 662 daAuts
     D:1: 587 daAuts
     D:4: 434 daAuts
